 Dungeon Crawl Stone Soup version 0.21-a0-509-gecc5317 (webtiles) character file.

336 tof the Slasher (level 6, 0/48 HPs)
             Began as a Demonspawn Monk on Nov 30, 2017.
             Slain by an orc
             ... wielding a +0 dagger
              (3 damage)
             ... on level 3 of the Dungeon.
             The game lasted 00:04:30 (2313 turns).

tof the Slasher (Demonspawn Monk)                   Turns: 2313, Time: 00:04:31

Health: 0/48       AC:  4    Str: 10 (11) XL:     6   Next: 28%
Magic:  6/6        EV: 12    Int: 10 (12) God:
Gold:   134        SH:  4    Dex: 14 (17) Spells: 5/5 levels left

rFire    . . .     SeeInvis .   a - +0 falchion
rCold    . . .     Gourm    .   j - +0 buckler
rNeg     . . .     Faith    +   g - +0 leather armour
rPois    .         Spirit   .   (no helmet)
rElec    .         Reflect  .   (no cloak)
rCorr    .         Harm     .   (no gloves)
MR       .....                  (no boots)
Stlth    ++........             h - amulet of faith
HPRegen  1.16/turn              (no ring)
MPRegen  0.10/turn              (no ring)

@: no status effects
A: icy blue scales 1, deformed body, powered by death 1, powered by pain 1,
shaggy fur 1
a: no special abilities


You were on level 3 of the Dungeon.
You were hungry.

You visited 1 branch of the dungeon, and saw 3 of its levels.

You collected 134 gold pieces.

Inventory:

Hand Weapons
 a - a +0 falchion (weapon)
Armour
 b - a +0 robe
 g - a +0 leather armour (worn)
 j - a +0 buckler (worn)
Jewellery
 h - an amulet of faith (around neck)
 p - an uncursed amulet of guardian spirit {unknown}
Scrolls
 e - 3 scrolls of identify {unknown}
 f - a scroll of blinking {unknown}
 i - a scroll of fear {unknown}
 m - 2 scrolls of remove curse {unknown}
 q - a scroll of teleportation {unknown}
 r - a scroll of fog {unknown}
Potions
 l - a potion of cancellation
 n - 3 potions of degeneration
Comestibles
 c - 2 bread rations
 d - 2 royal jellies


   Skills:
 + Level 3.9 Fighting
 * Level 4.4 Long Blades
 + Level 2.1 Armour
 + Level 3.5 Dodging
 - Level 1.7 Stealth
 + Level 1.9 Shields


You had 5 spell levels left.
You didn't know any spells.

Dungeon Overview and Level Annotations

Branches:
Dungeon (3/15)

Altars:
Ru


Innate Abilities, Weirdness & Mutations

You are partially covered in icy blue scales. (AC +2)
You regenerate a little health from kills.
You sometimes gain a little power by taking damage.
Armour fits poorly on your strangely shaped body.
You are covered in fur. (AC +1)


Message History

The orc wizard gestures at you while chanting.
The magic dart hits you!
* * * LOW HITPOINT WARNING * * *
Your leather armour prevents you from hitting the orc wizard.
The orc wizard is severely wounded.
The orc wizard barely misses you.
You riposte.
You hit the orc wizard.
You kill the orc wizard!
The orc hits you with a dagger.
* * * LOW HITPOINT WARNING * * *
The orc wizard hits you but does no damage.
Your shield prevents you from hitting the orc.
The orc hits you with a dagger.
* * * LOW HITPOINT WARNING * * *
The orc closely misses you.
You riposte.
You hit the orc.
The orc is lightly wounded.
The orc wizard hits you but does no damage.
You closely miss the orc.
The orc is lightly wounded.
The orc hits you with a dagger.
You die...

##.## #.###
#.#.## #.#..
.###.## #.#.# ##
##.#####.#.# #
##...##.#.#######
##
#.##.#.#........#
.###.#
#..###...###.#
..#.# ###.#.##.##
.#.##### #.##.o@#
........
...#..oo#
...#.######
##..o# ...##.##
#.### ........
#.# ..###.#. #.#
...# # ... ..#.#
.o. ..### #...#


You could see an orc priest, an orc wizard and 2 orcs.

Vanquished Creatures
  Sigmund (D:2)
  2 orc wizards
  Jessica (D:2)
  Natasha (twice) (D:2)
  An adder (D:2)
  A worm (D:2)
  2 ball pythons
  4 bats
  6 goblins
  A hobgoblin (D:2)
  2 frilled lizards (D:1)
  3 kobolds
  7 rats
33 creatures vanquished.

Notes
Turn   | Place    | Note
-------+----------+-------------------------------------------
     0 | D:1      | tof the Demonspawn Monk began the quest for the Orb.
     0 | D:1      | Reached XP level 1. HP: 18/18 MP: 1/1
   466 | D:1      | Gained mutation: You are partially covered in icy blue scales. (AC +2) [demonic ancestry]
   466 | D:1      | Reached XP level 2. HP: 20/24 MP: 2/2
   626 | D:1      | Reached skill level 3 in Long Blades
   967 | D:2      | Found a sacrificial altar of Ru.
   981 | D:2      | Reached skill level 1 in Armour
   981 | D:2      | Gained mutation: You regenerate a little health from kills. [demonic ancestry]
   981 | D:2      | Reached XP level 3. HP: 25/29 MP: 3/3
  1106 | D:2      | Noticed Natasha
  1116 | D:2      | Killed Natasha
  1116 | D:2      | Gained mutation: You sometimes gain a little power by taking damage. [demonic ancestry]
  1116 | D:2      | Reached XP level 4. HP: 24/35 MP: 4/4
  1237 | D:2      | Noticed Jessica
  1251 | D:2      | Killed Jessica
  1251 | D:2      | Reached skill level 1 in Shields
  1332 | D:2      | Noticed Sigmund
  1342 | D:2      | Killed Sigmund
  1342 | D:2      | Reached skill level 4 in Long Blades
  1342 | D:2      | Reached XP level 5. HP: 15/42 MP: 5/5
  1342 | D:2      | Reached XP level 6. HP: 18/48 MP: 6/6
  1869 | D:2      | Noticed Natasha
  1889 | D:2      | Killed Natasha
  2300 | D:3      | Gained mutation: You are covered in fur. (AC +1) [potion of mutation]
  2300 | D:3      | Gained mutation: Armour fits poorly on your strangely shaped body. [potion of mutation]
  2300 | D:3      | Gained mutation: You are dopey. (Int -2) [potion of mutation]
  2300 | D:3      | Lost mutation: You are dopey. (Int -2) [potion of mutation]
  2312 | D:3      | HP: 2/48 [orc/dagger (2)]
  2313 | D:3      | Slain by an orc

Vault maps used:
D:1:      matt_arrival_los_fun
D:2:      nicolae_ru_great_annihilating_truth, first_bread, uniq_jessica,
          uniq_sigmund, uniq_natasha
D:3:      minmay_goblin_outpost, uniq_ijyb

Skill      XL: |  1  2  3  4 |
---------------+-------------+-----
Long Blades    | 3 4 |  4.4
Armour         | 1 2 |  2.1
Dodging        | 3 |  3.5
Shields        | 1 |  1.9
Fighting       | |  3.9
Stealth        | |  1.7

Action                   |  1- 3 |  4- 6 || total
-------------------------+-------+-------++-------
Melee: Falchion          |    73 |    58 ||   131
  Use: Potion            |       |     4 ||     4
 Stab: Sleeping          |     5 |     6 ||    11
  Eat: Chunk             |     1 |     3 ||     4
Armor: Leather armour    |    22 |    12 ||    34
Dodge: Dodged            |    45 |    30 ||    75
Block: Buckler           |     8 |     9 ||    17
       Rpst.: Falchion   |    13 |     9 ||    22

Table legend:
 A = Spawn XP
 B = Non-spawn XP
 C = Spawn XP percentage of total XP
 D = Spawn monster count
 E = Non-spawn monster count
 F = Spawn count percentage of total count
 G = Total turns spent on level
                    A         B        C        D         E        F      G
               +---------+---------+-------+---------+---------+-------+---------
         Total |       0 |     481 |   0.0 |       0 |      33 |   0.0 |  2313
               +---------+---------+-------+---------+---------+-------+---------
           D:1 |       0 |      19 |   0.0 |       0 |      14 |   0.0 |   918
           D:2 |       0 |     420 |   0.0 |       0 |      16 |   0.0 |  1323
           D:3 |       0 |      42 |   0.0 |       0 |       3 |   0.0 |    72
               +---------+---------+-------+---------+---------+-------+---------
